 Dungeon Crawl Stone Soup version 0.30-a0-782-ge64f9170bb (webtiles) character file.

Game seed: 12264933816614904444

78547 Sthenotin the Thaumaturge (level 15, -16/86 HPs)
             Began as a Deep Elf Enchanter on Mar 1, 2023.
             Was a High Priest of Sif Muna.
             Demolished by Rupert
             ... wielding a +2 great mace of holy wrath
              (27 damage)
             ... on level 13 of the Dungeon.
             The game lasted 04:47:40 (26193 turns).

Sthenotin the Thaumaturge (Deep Elf Enchanter)     Turns: 26193, Time: 04:47:41

Health: -16/86     AC: 12    Str:  5    XL:     15   Next: 18%
Magic:  22/35      EV: 21    Int: 28    God:    Sif Muna [*****.]
Gold:   1688       SH:  6    Dex: 25    Spells: 6/43 levels left

rFire   + . .      SeeInvis +    Q - +5 dagger (holy)
rCold   + . .      Faith    .    O - +0 buckler
rNeg    . . .      Spirit   .    x - +1 robe {rC+ rF+}
rPois   .          Reflect  .    f - +0 helmet
rElec   .          Harm     .    M - +3 cloak of Anarchy {Fly Int+2 Dex+2 Stlth+}
rCorr   .          Rampage  .    K - +2 pair of gloves
Will    +....                    c - +0 pair of boots
Stlth   +++++++                  k - amulet of regeneration
HPRegen 1.14/turn                U - +6 ring of dexterity
MPRegen 0.24/turn                l - ring of see invisible

@: confusing by touch, liquefying, flying, slowed movement, very slow
A: no striking features
a: Renounce Religion, Channel Magic, Forget Spell, Divine Exegesis


You were on level 13 of the Dungeon.
You worshipped Sif Muna.
Sif Muna was extremely pleased with you.
You visited 4 branches of the dungeon, and saw 22 of its levels.
You also visited: Sewer.

You collected 2205 gold pieces.
You spent 517 gold pieces at shops.

Inventory:

Hand Weapons
 D - the +9 short sword of Junaxuthram {venom, rPois Will- Int+3 Dex+5}
   (You acquired it on level 6 of the Dungeon)

   Int:       It affects your intelligence (+3).
   Dex:       It affects your dexterity (+5).
   rPois:     It protects you from poison.
   Will:      It decreases your willpower.
 Q - a +5 dagger of holy wrath (weapon)
Armour
 c - a +0 pair of boots (worn)
 f - a +0 helmet (worn)
 x - a +1 robe of resistance (worn)
 K - a +2 pair of gloves (worn)
 L - a +2 robe of willpower
 M - the +3 cloak of Anarchy (worn) {Fly Int+2 Dex+2 Stlth+}
   (You acquired it on level 9 of the Dungeon)

   Int:       It affects your intelligence (+2).
   Dex:       It affects your dexterity (+2).
   Fly:       It grants you flight.
   Stlth:     It makes you more stealthy.
 O - a +0 buckler (worn)
Jewellery
 a - an amulet of reflection
 d - a ring of positive energy
 e - a +4 ring of protection
 j - a ring of poison resistance
 k - an amulet of regeneration (around neck)
 l - a ring of see invisible (right hand)
 S - a ring of resist corrosion
 U - a +6 ring of dexterity (left hand)
 X - an amulet of the acrobat
Wands
 m - a wand of iceblast (31)
 t - a wand of acid (13)
 y - a wand of polymorph (3)
 A - a wand of flame (53)
 J - a wand of mindburst (27)
Scrolls
 q - 2 scrolls of enchant weapon
 s - a scroll of torment
 u - 2 scrolls of enchant armour
 v - 4 scrolls of magic mapping
 B - 4 scrolls of fog
 C - a scroll of vulnerability
 E - a scroll of brand weapon {unknown}
 G - 5 scrolls of fear
 H - 3 scrolls of immolation
 I - 4 scrolls of teleportation
 N - a scroll of identify
 R - a scroll of poison {unknown}
 W - 5 scrolls of amnesia
Potions
 b - a potion of invisibility
 h - 15 potions of curing
 i - 2 potions of cancellation
 n - a potion of haste
 o - 2 potions of resistance
 p - a potion of ambrosia
 r - 6 potions of flight
 w - a potion of mutation
 z - 3 potions of brilliance {unknown}
 F - 4 potions of might
 T - a potion of berserk rage
 V - 4 potions of attraction {unknown}
 Z - a potion of magic {unknown}


   Skills:
 + Level 7.0 Fighting
 + Level 10.8 Short Blades
 + Level 10.5 Dodging
 - Level 13.0 Stealth
 + Level 2.6 Shields
 + Level 14.9 Spellcasting
 * Level 8.6 Conjurations
 - Level 13.4 Hexes
 * Level 4.3 Necromancy
 - Level 6.6 Ice Magic
 * Level 8.6 Earth Magic
 + Level 3.5 Invocations


You had 6 spell levels left.
You knew the following spells:

 Your Spells              Type           Power      Damage    Failure   Level
a - Ensorcelled Hibernat  Hex/Ice        100%       N/A       1%          2
b - Confusing Touch       Hex            77%        N/A       1%          3
c - Tukima's Dance        Hex            77%        N/A       1%          3
d - Dazzling Flash        Conj/Hex       100%       N/A       1%          3
e - Passwall              Tmut/Erth      37%        N/A       1%          2
f - Cause Fear            Hex            38%        N/A       1%          4
g - Mephitic Cloud        Conj/Pois/Air  37%        N/A       3%          3
h - Leda's Liquefaction   Hex/Erth       35%        N/A       1%          4
i - Dispel Undead         Necr           44%        3d17      5%          4
j - Borgnjor's Vile Clut  Necr/Erth      27%        N/A       6%          5
k - Animate Dead          Necr           44%        N/A       5%          4

Your spell library contained the following spells:

 Spells                   Type           Power      Damage    Failure   Level
 Freeze                   Ice            100%       1d10      1%          1
 Magic Dart               Conj           100%       1d8       1%          1
 Necrotise                Necr           100%       1d9       1%          1
 Sandblast                Erth           100%       2d20      1%          1
 Static Discharge         Conj/Air       90%        2-6/arc   1%          2
 Frozen Ramparts          Ice            100%       1d16      1%          3
 Hailstorm                Conj/Ice       59%        3d13      1%          3
 Inner Flame              Hex/Fire       55%        N/A       1%          3
 Stone Arrow              Conj/Erth      100%       3d13      1%          3
 Metabolic Englaciation   Hex/Ice        33%        N/A       1%          5
 Cigotuvi's Dreadful Rot  Necr/Pois/Air  56%        N/A       2%          2
 Iskenderun's Battlesphe  Conj           62%        2d11      2%          5
 Lee's Rapid Deconstruct  Erth           31%        3d16*     2%          5
 Sting                    Tmut/Pois      80%        1d7       3%          1
 Poisonous Vapours        Pois/Air       40%        N/A       4%          2
 Wereblood                Tmut           20%        N/A       4%          2
 Sticky Flame             Conj/Fire      45%        2d6       5%          4
 Silence                  Hex/Air        27%        N/A       5%          5
 Summon Mana Viper        Hex/Summ       55%        N/A       5%          5
 Yara's Violent Unravell  Hex/Tmut       27%        3d12      5%          5
 Ice Form                 Ice/Tmut       39%        N/A       9%          4
 Ignite Poison            Fire/Tmut/Pois 20%        N/A       10%         3
 Kindle Blastsparks       Fire/Tloc/Air  40%        2d13      10%         3
 Swiftness                Air            20%        N/A       10%         3
 Freezing Cloud           Conj/Ice/Air   24%        6-21      11%         5
 Fireball                 Conj/Fire      22%        3d10      16%         5
 Irradiate                Conj/Tmut      22%        3d19      16%         5
 Lightning Bolt           Conj/Air       22%        1d38      16%         5
 Airstrike                Air            10%        2d(2-18)  32%         4
 Olgreb's Toxic Radiance  Pois           20%        N/A       32%         4
 Passage of Golubria      Tloc           20%        N/A       32%         4
 Summon Lightning Spire   Summ/Air       20%        N/A       32%         4
 Simulacrum               Ice/Necr       25%        N/A       45%         6
 Conjure Ball Lightning   Conj/Air       22%        3x3d6     63%         6
 Death Channel            Necr           22%        N/A       63%         6
 Statue Form              Tmut/Erth      30%        N/A       63%         6
 Blade Hands              Tmut           10%        N/A       65%         5
 Discord                  Hex            38%        N/A       63%         8
 Lehudib's Crystal Spear  Conj/Erth      31%        10d8      99%         8
 Maxwell's Capacitive Co  Air            10%        ∞         100%        8


Dungeon Overview and Level Annotations

Branches:
Dungeon (14/15)            Temple (1/1) D:5            Lair (5/5) D:11
 Shoals (0/4) Lair:3       Spider (0/4) Lair:2        Slime (0/5) Lair:5
    Orc (2/2) D:9             Elf (0/3) Orc:2        Vaults (0/5) D:14
  Sewer (visited)

Altars:
Ashenzari
Cheibriados
Dithmenos
Elyvilon
Fedhas
Gozag
Hepliaklqana
Kikubaaqudgha
Makhleb
Nemelex Xobeh
Okawaru
Qazlal
Ru
Sif Muna
Trog
Uskayaw
Vehumet
Wu Jian
Xom
Yredelemnul
Zin
The Shining One
Jiyva

Shops:
D:9 (   Orc:2 [*[(

Annotations:
D:2 Sigmund
D:3 1 runed translucent door
D:13 Rupert, Urug
D:14 Nessos


Message History

The shaft crumbles and collapses.
Urug misses you.
You fly upwards.
There is a stone staircase leading down here.
You feel much better.
Rupert hits you with a +2 great mace of holy wrath!
The human hits you.
* * * LOW HITPOINT WARNING * * *
Urug hits you with a +2 heavy great mace!
* * * LOW HITPOINT WARNING * * *
You block Rupert's attack.
You feel much better.
Rupert hits you with a +2 great mace of holy wrath!!
* * * LOW HITPOINT WARNING * * *
The human completely misses you. Urug closely misses you.
Okay, then.
Casting: Confusing Touch (safe; 1% risk of failure)
Confirm with . or Enter, or press ? or * to list all spells.
Aiming: Tukima's Dance (safe; 1% risk of failure)
Press: ? - help, Shift-Dir - straight line, f - Rupert
Aim: Rupert, wielding a +2 great mace of holy wrath and wearing a +0 leather armour (lightly wounded, berserk, chance to confuse on hit: 18%, chance to affect: 18%)
Okay, then.
Casting: Tukima's Dance (safe; 1% risk of failure)
Confirm with . or Enter, or press ? or * to list all spells.
Okay, then.
Okay, then.
Okay, then.
Casting: Tukima's Dance (safe; 1% risk of failure)
Confirm with . or Enter, or press ? or * to list all spells.
Okay, then.
Urug attacks as you move away! You block Urug's attack.
Rupert closely misses you.
Rupert hits you with a +2 great mace of holy wrath!
* * * LOW HITPOINT WARNING * * *
Casting: Tukima's Dance (safe; 1% risk of failure)
Confirm with . or Enter, or press ? or * to list all spells.
The ground around you becomes liquefied!
Rupert becomes momentarily stuck in the liquid earth.
The human barely misses you.
Rupert hits you with a +2 great mace of holy wrath!!
You die...

.....####.####.......#..#........
.#.#.# #.# #.......#..#........
.....# #.# #.......#..#........
#..### #.# #.......#..#.?......
##.######.############..#######..
...............# #..# #..
####...........# #..# #..
.....#######...#######..##### ###
###### #....@p>.........# .....#
#.....@o.........# ####.#
#................#
####.#######.>.########...###
...............# #...#
.#.............# #...#
...#.########..########...#
.#...# ##........#...# .....#
##########...#


You could see Rupert (berserk, struggling), Urug (berserk, struggling) and a
human (struggling).

Vanquished Creatures
  The ghost of Cyreaxiv the Prestidigitator, a journeyman GnWn of Ashenzari (D:11)
  The ghost of Yfeff the Destroyer, a journeyman GrFE of Vehumet (Orc:1)
  3 hydras (Lair:5)
  Erolcha (D:12)
  3 ogre magi
  A centaur warrior (D:13)
  19 two-headed ogres
  A boulder beetle (Lair:5)
  3 death yaks (Lair:4)
  4 skeletal warriors (D:11)
  2 deep trolls
  3 deep elf pyromancers
  A lindwurm (shapeshifter) (D:11)
  An orc knight (Orc:1)
  A manticore (D:12)
  4 cyclopes
  19 elephants
  Maurice (Orc:2)
  A black mamba (Lair:4)
  7 cane toads
  8 komodo dragons
  2 unseen horrors (D:11)
  A tengu conjurer (D:12)
  5 rime drakes
  14 trolls
  8 polar bears
  5 hornets
  20 blink frogs
  A tyrant leech (Lair:3)
  A snapping turtle (Lair:3)
  13 dream sheep
  3 slime creatures (D:13)
  A shadow (D:12)
  12 spriggans (Lair:5)
  A wraith (D:11)
  5 wyverns
  52 yaks
  A human (D:14)
  4 basilisks
  2 steam dragons
  4 vampire mosquitoes (D:13)
  3 wargs (Orc:1)
  A naga (shapeshifter) (D:13)
  A swamp worm (Lair:3)
  2 acid dragons
  11 water moccasins
  14 orc warriors
  10 black bears
  3 ice beasts
  4 centaurs
  5 boggarts (Lair:5)
  10 ogres
  33 wolves
  2 phantoms (D:6)
  A kobold brigand (D:7)
  13 bullfrogs
  A scorpion (D:6)
  2 gnoll sergeants
  3 necrophages (D:6)
  8 wights
  6 killer bees (D:10)
  4 howler monkeys
  3 electric eels
  4 jellies
  10 orc priests
  A gnoll bouda (D:6)
  4 hounds
  3 iguanas (D:5)
  Terence (D:2)
  22 orc wizards
  11 hell rats
  18 gnolls
  4 river rats
  7 adders
  A shadow imp (D:6)
  2 white imps
  An ufetubus (D:5)
  2 worms
  2 dart slugs
  46 orcs
  8 ball pythons
  14 endoplasms
  5 giant cockroaches
  7 hobgoblins
  4 jackals (D:3)
  2 quokkas
  3 bats
  10 frilled lizards
  9 goblins
  8 kobolds
  8 rats
597 creatures vanquished.

Vanquished Creatures (collateral kills)
  An orc knight (Orc:1)
  A gargoyle (D:12)
  A troll (Orc:2)
  10 ogres
  A gnoll sergeant (D:7)
  2 gnolls (D:7)
  A hobgoblin (D:2)
17 creatures vanquished.

Vanquished Creatures (others)
  A dancing weapon (Orc:2)
  A dream sheep (Lair:5)
  68 fungi
  82 plants
152 creatures vanquished.

Grand Total: 766 creatures vanquished

Notes
Turn   | Place    | Note
-------+----------+-------------------------------------------
     0 | D:1      | Sthenotin the Deep Elf Enchanter began the quest for the
                  | Orb.
     0 | D:1      | Reached XP level 1. HP: 10/10 MP: 6/6
   296 | D:1      | Reached XP level 2. HP: 8/15 MP: 8/8
  1199 | D:2      | Reached XP level 3. HP: 19/19 MP: 9/9
  1203 | D:2      | Learned a level 2 spell: Ensorcelled Hibernation
  1207 | D:2      | Learned a level 3 spell: Confusing Touch
  1211 | D:2      | Learned a level 3 spell: Tukima's Dance
  1227 | D:2      | Noticed Terence
  1286 | D:2      | Killed Terence
  1574 | D:2      | Noticed Sigmund
  1616 | D:2      | Reached XP level 4. HP: 24/24 MP: 11/11
  2326 | D:3      | Found an iron altar of Okawaru.
  2351 | D:3      | Found a runed translucent door.
  2351 | D:3      | Noticed a human
  2353 | D:3      | Noticed a centaur
  2354 | D:3      | Found a basalt altar of Yredelemnul.
  2389 | D:3      | Killed a centaur
  2390 | D:3      | Reached skill level 4 in Spellcasting
  2390 | D:3      | Reached skill level 5 in Hexes
  2390 | D:3      | Reached XP level 5. HP: 28/28 MP: 3/13
  2781 | D:3      | Found a faded altar of an unknown god.
  2978 | D:3      | Learned a level 3 spell: Dazzling Flash
  3519 | D:4      | Reached skill level 5 in Stealth
  3535 | D:4      | Reached skill level 1 in Ice Magic
  3656 | D:4      | Found a glowing drain.
  3661 | Sewer    | Entered a sewer
  4037 | Sewer    | Reached XP level 6. HP: 33/33 MP: 14/14
  4055 | Sewer    | Reached skill level 1 in Fighting
  4212 | Sewer    | Found a viscous altar of Jiyva.
  4267 | Sewer    | Identified a scroll of acquirement
  4268 | Sewer    | Acquired Izxu's Notes on the Sepulchral Xenotype
  4548 | D:5      | Entered Level 5 of the Dungeon
  4899 | D:5      | Found a staircase to the Ecumenical Temple.
  4899 | D:5      | Noticed an ice beast
  4905 | D:5      | Killed an ice beast
  4906 | D:5      | Reached XP level 7. HP: 38/38 MP: 14/16
  4920 | Temple   | Entered the Ecumenical Temple
  4954 | Temple   | Became a worshipper of Sif Muna the Loreminder
  5127 | D:5      | Reached skill level 5 in Spellcasting
  5459 | D:5      | Found a hazy altar of Hepliaklqana.
  5737 | D:6      | Noticed a steam dragon
  5959 | D:5      | Reached XP level 8. HP: 22/44 MP: 1/18
  6525 | D:6      | Reached skill level 6 in Spellcasting
  6608 | D:6      | Acquired the +9 short sword of Junaxuthram {venom, rPois
                  | Will- Int+3 Dex+5}
  7160 | D:6      | Reached skill level 5 in Dodging
  7258 | D:6      | Reached * piety under Sif Muna
  7324 | D:6      | Reached skill level 7 in Spellcasting
  7895 | D:6      | Reached XP level 9. HP: 47/49 MP: 18/21
  8987 | D:8      | Reached ** piety under Sif Muna
  9005 | D:8      | Found a hide-covered altar of Uskayaw.
  9030 | D:8      | Found a radiant altar of Vehumet.
  9221 | D:8      | Reached skill level 8 in Spellcasting
  9469 | D:8      | Found a stormy altar of Qazlal.
  9766 | D:9      | Acquired the +3 cloak of Anarchy {Fly Int+2 Dex+2 Stlth+}
  9776 | D:9      | Learned a level 2 spell: Passwall
  9905 | D:9      | Found Xuaklaf's Weapon Shoppe.
  9905 | D:9      | Found a staircase to the Orcish Mines.
  9915 | D:9      | Reached XP level 10. HP: 36/56 MP: 6/24
 10262 | D:9      | Reached skill level 5 in Short Blades
 10281 | D:9      | Reached skill level 9 in Spellcasting
 10421 | D:9      | You are sucked into a shaft and drop 3 floors!
 10434 | D:12     | Noticed a two-headed ogre
 10452 | D:11     | Noticed Cyreaxiv's ghost (journeyman GnWn)
 10452 | D:11     | Found a runed translucent door.
 10483 | D:11     | Found a staircase to the Lair.
 10502 | D:11     | Reached skill level 10 in Hexes
 10504 | D:11     | Reached skill level 10 in Stealth
 10506 | D:11     | Reached skill level 5 in Ice Magic
 10510 | D:11     | Noticed a two-headed ogre
 10529 | D:11     | Noticed a two-headed ogre
 10652 | D:11     | Noticed a skeletal warrior
 10735 | D:10     | Entered Level 10 of the Dungeon
 10854 | D:9      | Learned a level 4 spell: Cause Fear
 10855 | D:9      | Found an ornate altar of the Wu Jian Council.
 10931 | Orc:1    | Entered Level 1 of the Orcish Mines
 10940 | Orc:1    | Noticed a two-headed ogre
 10940 | Orc:1    | Noticed a two-headed ogre
 10949 | D:9      | Reached *** piety under Sif Muna
 11054 | D:9      | Killed a two-headed ogre
 11055 | D:9      | Reached skill level 10 in Spellcasting
 11186 | Orc:1    | Noticed a two-headed ogre
 11187 | Orc:1    | Reached XP level 11. HP: 58/61 MP: 20/27
 11189 | Orc:1    | Noticed a two-headed ogre
 11189 | Orc:1    | Noticed an ogre mage
 11190 | Orc:1    | Noticed a two-headed ogre
 11379 | D:10     | Noticed a two-headed ogre
 11391 | D:10     | Killed a two-headed ogre
 11542 | D:10     | Found an opulent altar of Gozag.
 11778 | D:10     | Found a white marble altar of Elyvilon.
 12724 | D:11     | Killed a two-headed ogre
 12828 | D:11     | Reached **** piety under Sif Muna
 12888 | D:11     | Noticed a skeletal warrior
 12920 | D:11     | Killed a two-headed ogre
 13209 | D:11     | Noticed a skeletal warrior
 13210 | D:11     | Noticed a skeletal warrior
 13267 | Lair:1   | Entered Level 1 of the Lair of Beasts
 13285 | Lair:1   | Reached skill level 11 in Spellcasting
 13866 | Lair:1   | Reached XP level 12. HP: 68/68 MP: 21/29
 14559 | Lair:2   | Reached skill level 5 in Fighting
 14977 | Lair:2   | Learned a level 3 spell: Mephitic Cloud
 15033 | Lair:2   | Found a hole to the Spider Nest.
 15732 | Lair:3   | Identified the +0 robe "Kikymirph" {*Corrode rN+ Will-
                  | Str+7}
 15778 | Lair:3   | Reached skill level 1 in Conjurations
 15780 | Lair:3   | Reached skill level 12 in Spellcasting
 15780 | Lair:3   | Reached skill level 1 in Earth Magic
 16110 | Lair:3   | Reached ***** piety under Sif Muna
 16110 | Lair:3   | Received a gift from Sif Muna
 16224 | Lair:3   | Learned a level 4 spell: Leda's Liquefaction
 16739 | Lair:3   | Reached XP level 13. HP: 72/73 MP: 18/31
 16898 | Lair:3   | Found a staircase to the Shoals.
 18129 | Lair:4   | Reached skill level 13 in Spellcasting
 18558 | Lair:4   | Received a gift from Sif Muna
 18562 | Lair:4   | Got Sif Muna's Dissertation on Atmospheric Cold {god gift}
 19011 | Lair:5   | Entered Level 5 of the Lair of Beasts
 19045 | Lair:4   | Reached skill level 5 in Conjurations
 19045 | Lair:4   | Reached skill level 5 in Earth Magic
 20151 | Lair:5   | Reached skill level 10 in Short Blades
 20188 | Lair:5   | Reached XP level 14. HP: 63/80 MP: 17/33
 20208 | Lair:5   | Reached skill level 14 in Spellcasting
 20766 | Lair:5   | Found a glowing silver altar of Zin.
 20936 | Lair:5   | Found a staircase to the Slime Pits.
 20939 | Lair:5   | Found a viscous altar of Jiyva.
 21213 | Lair:5   | Learned a level 4 spell: Dispel Undead
 21458 | D:11     | Reached skill level 1 in Invocations
 21602 | D:9      | Reached skill level 1 in Necromancy
 21660 | Orc:1    | Reached skill level 10 in Dodging
 21660 | Orc:1    | Reached skill level 1 in Shields
 22090 | Orc:1    | Found a runed translucent door.
 22093 | Orc:1    | Noticed Yfeff's ghost (journeyman GrFE)
 22129 | Orc:1    | Received a gift from Sif Muna
 22130 | Orc:1    | Got Focleef's Folio of Attacks {god gift}
 22342 | Orc:1    | Killed Yfeff's ghost
 22661 | Orc:2    | Entered Level 2 of the Orcish Mines
 22842 | Orc:2    | Found a staircase to the Elven Halls.
 22935 | Orc:2    | Found Heom Aqa's Armour Shop.
 22974 | Orc:2    | Noticed Maurice
 23143 | Orc:2    | Killed Maurice
 23793 | Orc:2    | Found Boymu's General Store.
 23828 | Orc:2    | Found Dyiselyr's Antique Armour Emporium.
 23837 | Orc:2    | Found Vytyuhut's Antique Weapon Boutique.
 23851 | Orc:2    | Bought a glowing orb for 336 gold pieces
 23857 | Orc:2    | Bought a +2 pair of gloves for 181 gold pieces
 23997 | Orc:2    | Found a radiant altar of Vehumet.
 24287 | D:11     | Killed Cyreaxiv's ghost
 24617 | D:12     | Reached XP level 15. HP: 85/85 MP: 20/35
 24617 | D:12     | Received a gift from Sif Muna
 24618 | D:12     | Got Sif Muna's Further Steps in Spellcraft {god gift}
 24697 | D:12     | Noticed Erolcha
 24702 | D:12     | Killed Erolcha
 25086 | D:12     | Learned a level 5 spell: Borgnjor's Vile Clutch
 25091 | D:12     | Learned a level 4 spell: Animate Dead
 26180 | D:14     | Noticed Nessos
 26180 | D:14     | Noticed Rupert
 26180 | D:14     | Noticed Urug
 26180 | D:14     | Found a gate to the Vaults.
 26193 | D:13     | Demolished by Rupert

Illustrated notes

Levels and vault maps discovered:
D:1:      lemuel_arrival_muddy, layout_loops_corners,
          chequers_serial_rivers_room_a
D:2:      layout_basic, uniq_terence, uniq_sigmund
D:3:      layout_loops_ring, dk_yredelemnul_ordeal, kennysheep_okawaru_gauntlet,
          shapermc_ecumenical_altar_flowoftime, hangedman_abyss_or_decor_stabs,
          grunt_decor_mini_mirrors
D:4:      layout_basic, portal_sewer_entry_e
D:5:      layout_loops_corners, lemuel_coloured_pillars_altar, temple_hall
D:6:      layout_basic, ebering_dispersal_statue_hall, glass_columns_b
D:7:      layout_loops_corners
D:8:      layout_loops_ring, lemuel_round_altar,
          mainiacjoe_overflow_large_starburst, st_stairs_13
D:9:      layout_rooms, kennysheep_mini_moat, orc_david_3
D:10:     layout_grid_maze, lemuel_doored_altar, nicolae_elyvilon_temple_path
D:11:     layout_irregular_city, due_lair_maze_entry_diamond,
          ebering_ghost_inner_flame
D:12:     layout_long_grid, uniq_erolcha
D:13:     layout_long_grid, serial_co_window_serial, co_window_of_opportunity_a,
          co_window_paths_b, co_window_paths_a, co_window_of_opportunity_a,
          co_window_of_opportunity_a, co_window_broadway_c, co_window_cross_3,
          co_window_unsneaky_path_d, glass_columns_a, glass_columns_c,
          glass_columns_b, glass_columns_a, glass_columns_c
D:14:     layout_long_grid, david_vaults_3, gauntlet_entry_generic,
          hangedman_glass_teeth
Temple:   cyrus_circular_temple
Lair:1:   layout_loops_ring, beast_lair_carwin_10, grunt_megastairs_2,
          infiniplex_staircase_pool_2
Lair:2:   layout_layer_cave, dummy_spider_entry
Lair:3:   layout_layer_cave, minmay_shoals_entry_hut, worms_lemuel,
          infiniplex_staircase_pool
Lair:4:   layout_regular_city, nicolae_lair_grove_arrangements, minivault_25
Lair:5:   minmay_lair_end_enchanted_forest, layout_regular_city,
          dpeg_slime_entry_corner, basic_altar,
          lightli_volcano_entry_magma_tube, grunt_megastairs_3, uniq_rupert
Orc:1:    layout_caves, ebering_ghost_reflecting_pool
Orc:2:    st_orc_open, layout_diamond_mine, basic_altar, uniq_maurice

Skill      XL: |  1  2  3  4  5  6  7  8  9 10 11 12 13 14 15 |
---------------+----------------------------------------------+-----
Stealth        | 4 5 6 7 9 10 11 13 | 13.0
Dodging        | 3 4 5 6 7 8 9 10 | 10.5
Short Blades   | 2 3 4 6 7 8 10 | 10.8
Spellcasting   | 4 5 7 8 10 11 12 13 14 | 14.9
Hexes          | 5 6 8 9 10 11 12 13 | 13.4
Ice Magic      | 1 2 3 4 5 6 |  6.6
Fighting       | 1 2 3 4 5 6 7 |  7.0
Conjurations   | 3 6 8 |  8.6
Earth Magic    | 3 6 8 |  8.6
Invocations    | 3 |  3.5
Necromancy     | 3 4 |  4.3
Shields        | 2 |  2.6

Action                     |  1- 3 |  4- 6 |  7- 9 | 10-12 | 13-15 || total
---------------------------+-------+-------+-------+-------+-------++-------
  Melee: Dagger            |    65 |   121 |    34 |       |   278 ||   498
         Punch             |     1 |       |     2 |     2 |    13 ||    18
         Short sword       |       |       |   124 |   255 |   504 ||   883
   Cast: Ensorcelled Hiber |     7 |    78 |    70 |   174 |    55 ||   384
         Tukima's Dance    |     1 |     1 |     4 |     4 |    29 ||    39
         Confusing Touch   |       |     1 |    14 |     9 |   114 ||   138
         Dazzling Flash    |       |       |     5 |     2 |    18 ||    25
         Passwall          |       |       |     1 |     3 |       ||     4
         Cause Fear        |       |       |       |     1 |    14 ||    15
         Mephitic Cloud    |       |       |       |     5 |    59 ||    64
         Leda's Liquefacti |       |       |       |       |    14 ||    14
         Borgnjor's Vile C |       |       |       |       |     1 ||     1
  Evoke: Wand              |       |     4 |       |     2 |     1 ||     7
    Use: Potion            |     1 |     3 |     4 |     5 |     7 ||    20
         Scroll            |       |    11 |     5 |     3 |    10 ||    29
   Stab: Sleeping          |    15 |    57 |    70 |   129 |    47 ||   318
         Invisible         |     1 |     1 |     2 |     2 |    20 ||    26
         Confused          |       |       |     9 |    20 |   150 ||   179
         Distracted        |       |       |       |     1 |     5 ||     6
         Fleeing           |       |       |       |       |     5 ||     5
 Armour: Robe              |     9 |    13 |    15 |    62 |    87 ||   186
         Skin              |    17 |       |       |       |       ||    17
  Dodge: Dodged            |    45 |   103 |   141 |   273 |   627 ||  1189
  Block: Buckler           |       |       |       |       |    36 ||    36

Table legend: (Time is in decaauts)
 A = Elapsed time spent in this place.
 B = Non-inter-level travel time spent in this place.
 C = Inter-level travel time spent in this place.
 D = Time resting spent in this place.
 E = Time spent auto-exploring this place.
 F = Levels seen in this place.
 G = Mean time per level.
                   A        B        C        D        E       F      G
               +--------+--------+--------+--------+--------+-----+--------+
         Total |  25737 |  24854 |    883 |   4679 |  12456 |  23 | 1119.0 |
       Dungeon |  14967 |  14257 |    710 |   2150 |   7578 |  14 | 1069.1 |
        Temple |     45 |     45 |      0 |      0 |      0 |   1 |   45.0 |
          Lair |   7773 |   7653 |    120 |   1543 |   4052 |   5 | 1554.6 |
  Orcish Mines |   2310 |   2257 |     53 |    693 |    800 |   2 | 1155.0 |
         Sewer |    640 |    640 |      0 |    292 |     26 |   1 |  640.0 |
               +--------+--------+--------+--------+--------+-----+--------+

Top non-repeatable levels by time:
  Lair:3: 2311 daAuts
  Lair:5: 1714 daAuts
     D:6: 1691 daAuts
     D:5: 1463 daAuts
    D:10: 1449 daAuts
    D:11: 1351 daAuts
   Orc:1: 1303 daAuts
  Lair:4: 1284 daAuts
  Lair:1: 1275 daAuts
     D:3: 1216 daAuts
  Lair:2: 1187 daAuts
     D:9: 1143 daAuts
    D:13: 1068 daAuts
     D:8: 1047 daAuts
     D:1: 1018 daAuts
